AoeStats
← Takara Miyuki

Arena

505851813Analyzed
1v1 RM · 20d ago on Sep 11, 2026· 26m 40s· 2 players
Game mode
Random Map
Map size
Tiny (2 player)
Population
200
Speed
Normal
Resources
Standard
Victory
Conquest
Starting age
Dark Age
Ending age
Imperial Age
RankedLock teamsTeams togetherTeam positionsShared explorationLock speedFull tech treeHidden civsTurbo modeCheats
Victory
Defeat
🇹🇷 Turks · Türkiye
684
+18
🇨🇳 Spanish · China
718
-38
Holosko
9:54 Loom
12:10 Feudal Age
17:06 Castle Age
18:13 Horse Collar
21:16 Fletching
Takara Miyuki
12:27 Feudal Age
14:46 Loom
18:36 Castle Age
18:24 Double-Bit Axe
Connection lost

Rejoining the realm…

Still unreachable

The connection could not be restored.

Session expired

The server has moved on; the page needs a fresh start.